 Dungeon Crawl Stone Soup version 0.31.0-9-g3a7656b989 (webtiles) character file.

Game seed: 1985248350373992424

249204 qw the Acrobat (level 18, -11/93 HPs)
             Began as a Spriggan Hunter on Feb 2, 2024.
             Was a High Priest of Okawaru.
             Shot with a bolt by a yaktaur captain (38 damage)
             ... summoned by a boggart
             ... on level 3 of the Vaults.
             The game lasted 00:05:35 (27375 turns).

qw the Acrobat (Spriggan Hunter)                   Turns: 27375, Time: 00:05:35

Health: -11/93     AC: 10    Str:  9    XL:     18   Next: 73%
Magic:  24/26      EV: 60    Int: 16    God:    Okawaru [*****.]
Gold:   1145       SH:  5    Dex: 32    Spells: 17/17 levels left

rFire   . . .        b - +10 hand cannon of the Tomato {elec, rPois Str+3}
rCold   . . .        (no shield)
rNeg    . . .        p - +1 troll leather armour
rPois   +            r - +2 hat
rElec   .            u - +2 cloak
rCorr   .            (gloves unavailable)
SInv    +            (boots unavailable)
Will    +++..        D - amulet of reflection
Stlth   +++++        k - +5 ring of evasion
HPRegen 1.15/turn    l - +6 ring of dexterity
MPRegen 0.20/turn

%: reflection
@: heroic, finesse-ful, very quick
A: very small, no large weapons, unfitting armour, see invisible, speed 3, thin
skeletal structure 1, clever 1, subdued magic 1
}: 1/15 runes: barnacled
a: Renounce Religion, Heroism, Finesse, Duel


You were on level 3 of the Vaults.
You worshipped Okawaru.
Okawaru was extremely pleased with you.
You visited 7 branches of the dungeon, and saw 33 of its levels.
You also visited: Gauntlet.

You collected 3885 gold pieces.
You spent 2740 gold pieces at shops.


Innate Abilities, Weirdness & Mutations

You are very small and have problems with some larger weapons.
You are too small for most types of armour.
You have supernaturally acute eyesight. (SInv)
You cover ground extremely quickly. (Speed+++)
You have a somewhat thin skeletal structure. (Dex +2, Stealth+)
Your mind is acute. (Int +4, Str/Dex -1)
Your spells are a little easier to cast, but a little less powerful.


   Skills:
 - Level 10.0(15.0) Fighting
 - Level 23.0(27) Ranged Weapons
 - Level 3.0(8.0) Armour
 + Level 26.1(27) Dodging
 - Level 1.5(6.5) Stealth
 - Level 10.0 Invocations


You had 17 spell levels left.
You didn't know any spells.
Your spell library was empty.

Inventory:

Hand Weapons
 b - the +10 hand cannon of the Tomato (weapon) {elec, rPois Str+3}
   (You acquired it on level 2 of the Dungeon)

   Str+3:     It affects your strength (+3).
   rPois:     It protects you from poison
Armour
 a - +0 swamp dragon scales
 e - the +0 hat "Zog Tapt" {+Blink rPois}
   (Okawaru gifted it to you on level 5 of the Lair of Beasts)

   rPois:     It protects you from poison +Blink: It lets you blink.
 n - a +2 robe of fire resistance
 p - a +1 troll leather armour (worn)
 r - a +2 hat (worn)
 u - a +2 cloak (worn)
 C - a +1 robe of resistance
Jewellery
 f - a ring of protection from fire
 k - a +5 ring of evasion (left hand)
 l - a +6 ring of dexterity (right hand)
 v - a +6 ring of intelligence
 D - an amulet of reflection (around neck)
Wands
 c - a wand of digging (3)
 h - a wand of quicksilver (1)
 j - a wand of roots (12)
 t - a wand of polymorph (17)
Scrolls
 m - 3 scrolls of teleportation
 s - 14 scrolls of identify
 B - a scroll of brand weapon
 E - 3 scrolls of enchant weapon
Potions
 d - 15 potions of curing
 g - 5 potions of enlightenment
 i - a potion of heal wounds
 o - a potion of magic
 q - 6 potions of haste
 x - 6 potions of mutation
 A - 2 potions of might

Dungeon Overview and Level Annotations

Branches:
Dungeon (15/15)            Temple (1/1) D:5            Lair (5/5) D:11
 Shoals (4/4) Lair:2       Spider (3/4) Lair:3        Slime (0/5) Lair:5
    Orc (2/2) D:11            Elf (0/3) Orc:2        Vaults (3/5) D:14
  Crypt (0/3) Vaults:2     Depths (0/4) D:15        Gauntlet (visited)

Altars:
Ashenzari
Cheibriados
Dithmenos
Elyvilon
Fedhas
Gozag
Hepliaklqana
Kikubaaqudgha
Makhleb
Nemelex Xobeh
Okawaru
Qazlal
Ru
Sif Muna
Trog
Uskayaw
Vehumet
Wu Jian
Xom
Yredelemnul
Zin
The Shining One

Shops:
D:5 [=!(   D:7 [!!   D:11 :*[(   Orc:1 *   Orc:2 ![[[   Shoals:3 ?[

Annotations:
D:6 1 runed translucent door, qw's ghost, novice DjHu
Shoals:4 exclusion: tentacle
Spider:3 1 runed translucent door, Taocaav's ghost, adept CeHu


Message History

Enter note:
27363 ||| RETREEEEATING.
Enter note:
Enter note: You shoot a bolt.
The bolt barely misses the vault guard.
The bolt hits the yaktaur captain.
The yaktaur captain is lightly wounded.
27365 ||| RETREEEEATING.
The yaktaur captain wields a +0 arbalest.
The yaktaur captain shoots a bolt.
The bolt completely misses you.
You shoot a bolt. The bolt hits the vault guard!!!
The vault guard is almost dead.
The vault sentinel blows a loud note on a signal horn!
Enter note:
Enter note:
27367 ||| RETREEEEATING.
You shoot a bolt. The bolt hits the vault guard!!!
You kill the vault guard!
Okawaru accepts your kill.
The yaktaur captain shoots a bolt.
The bolt completely misses you.
You shoot a bolt. The bolt hits the dire elephant!
The dire elephant is lightly wounded.
The yaktaur captain shoots a bolt.
The bolt completely misses you.
You shoot a bolt. The bolt hits the dire elephant!!
The dire elephant is moderately wounded.
You shoot a bolt. The bolt hits the dire elephant!
The dire elephant is heavily wounded.
The vault sentinel blows a loud note on a signal horn!
Enter note:
Enter note: You shoot a bolt.
The bolt hits the dire elephant.
The dire elephant is heavily wounded.
You shoot a bolt. The bolt hits the dire elephant!!!
You kill the dire elephant!
The dire elephant's corpse dissolves into shadows!
The yaktaur captain shoots a bolt.
The bolt hits you!!
27374 ||| FLEEEEING.
27375 ||| FLEEEEING.
The yaktaur captain shoots a bolt.
The bolt hits you!!!
You die...

###''#######
#..p)######+#Y....
...........# #..pc#
..# .... ...........#
#....# .?.# )..
...........# #)...#
$...# .. .........).#
#g0..# .....# .
...........#
#00..#......#
...........#
#00..#......#
##########)#####.0..#
#......#@...#### ##
#......#......?. .#
#......'........ .#
#......#......## ##
#......#......# #
..'.(....#......# #
..########......# ...
#......# # ##
#......#


You could see a yaktaur captain (summoned, strong), a vault sentinel (strong,
catching breath) and a boggart (strong).

Vanquished Creatures
  Zenata (Vaults:1)
  Jorgrun (Orc:2)
  A titan (Vaults:1)
  A sphinx (Vaults:2)
  Polyphemus (Shoals:1)
  An ancient champion (Vaults:2)
  A tengu reaver (Vaults:3)
  Aizul (Shoals:2)
  Donald (Vaults:3)
  An emperor scorpion (Spider:3)
  7 vault wardens
  A ghost moth (Spider:1)
  8 ironbound preservers
  2 orc warlords
  2 broodmothers
  A stone giant (Vaults:3)
  3 formless jellyfish
  6 ironbound thunderhulks
  A minotaur (Gauntlet)
  8 dire elephants
  A spark wasp (Spider:3)
  8 merfolk impalers
  3 merfolk javelineers (Shoals:4)
  A jiangshi (Vaults:2)
  A deep elf high priest (Vaults:3)
  A fire dragon (D:15)
  6 yaktaur captains
  5 entropy weavers
  2 great orbs of eyes (Vaults:2)
  4 hydras
  3 vault guards
  2 merfolk avatars
  An ogre mage (D:14)
  Erica (D:8)
  An ice dragon (D:15)
  A radroach (Spider:3)
  An alligator snapping turtle (Shoals:4)
  8 centaur warriors
  5 ironbound frosthearts
  2 boulder beetles
  5 catoblepae
  2 dancing weapons (D:14)
  4 satyrs
  6 two-headed ogres
  2 merfolk aquamancers
  A tengu warrior (D:15)
  12 death yaks
  3 orc high priests (Orc:2)
  A vampire mage (Vaults:2)
  2 demonic crawlers (Spider:2)
  5 skysharks
  A glowing orange brain (Vaults:2)
  2 pharaoh ants (Spider:2)
  Lodul (D:11)
  5 arcanists
  16 deep trolls
  5 orb spiders
  A sun moth (Spider:3)
  4 sea snakes
  A kraken simulacrum (Shoals:4)
  3 lindwurms (Vaults:2)
  4 steelbarb worms
  A phantasmal warrior (Vaults:2)
  8 orc knights
  7 harpies
  2 deep elf pyromancers
  13 ugly things
  6 ironbound convokers
  12 fauns
  3 deep elf zephyrmancers (Vaults:3)
  5 orc sorcerers
  2 necromancers
  13 wolf spiders
  2 cyclopes
  18 manticores
  A salamander (shapeshifter) (D:15)
  A moth of wrath (Spider:1)
  4 meliai
  2 kobold blastminers (Orc:2)
  9 merfolk sirens
  8 water nymphs
  8 black mambas
  11 vault sentinels
  4 gargoyles
  4 torpor snails
  11 cane toads
  An unseen horror (D:12)
  Maggie (D:7)
  5 rime drakes
  10 komodo dragons
  3 kobold demonologists
  11 yaktaurs
  38 merfolk
  6 trolls
  3 polar bears
  Grinder (D:4)
  A hornet (D:8)
  A tarantella (shapeshifter) (D:13)
  27 tarantellas
  10 snapping turtles
  7 wind drakes
  3 dream sheep (Shoals:4)
  12 blink frogs
  13 jumping spiders
  Sigmund (D:5)
  11 slime creatures
  A shadow (D:13)
  A yak (shapeshifter) (D:15)
  68 yaks
  20 culicivoras
  8 water elementals
  2 wyverns
  2 wraiths
  3 vampires
  9 vampire mosquitoes
  5 wargs
  38 redbacks
  3 steam dragons
  A yaktaur simulacrum (Vaults:1)
  2 swamp worms (Gauntlet)
  4 basilisks
  Edmund (D:5)
  Duvessa (D:5)
  2 acid dragons
  14 water moccasins
  A sky beast (D:7)
  An ettin simulacrum (Vaults:1)
  15 orc warriors
  2 ice beasts
  3 black bears
  A human zombie (Vaults:1)
  An ogre (shapeshifter) (D:14)
  14 ogres
  6 wolves (Lair:2)
  A boggart (Vaults:3)
  2 phantoms
  4 centaurs
  3 kobold brigands
  4 gnoll sergeants
  10 bullfrogs
  A human skeleton (Vaults:1)
  A scorpion (Lair:1)
  9 wights
  Dowan (D:5)
  21 killer bees
  3 howler monkeys
  4 electric eels
  2 bombardier beetles (D:6)
  A hound (D:5)
  3 jellies
  16 orc priests
  A sleepcap (D:6)
  Terence (D:2)
  3 iguanas
  22 orc wizards
  9 gnolls
  A river rat (D:3)
  11 adders
  2 shadow imps
  3 white imps
  4 ribbon worms (D:3)
  61 orcs
  6 ball pythons
  4 endoplasms
  3 giant cockroaches
  5 goblins
  2 hobgoblins
  3 jackals (D:2)
  13 kobolds
  4 quokkas
  6 bats
  4 frilled lizards
  3 rats
  2 tentacles (Shoals:4)
1000 creatures vanquished.

Vanquished Creatures (others)
  An ironbound preserver (Vaults:3)
  A radroach (Spider:2)
  A boggart (Vaults:3)
  14 tentacles (Shoals:4)
17 creatures vanquished.

Grand Total: 1017 creatures vanquished

Notes
Turn   | Place    | Note
-------+----------+-------------------------------------------
     0 | D:1      | qw the Spriggan Hunter began the quest for the Orb.
     0 | D:1      | Reached XP level 1. HP: 10/10 MP: 2/2
     0 | D:1      | 0 ||| qw: Version: 0.3-a-155-g5e7d8dd
     0 | D:1      | 0 ||| qw: Game counter: 165
     0 | D:1      | 0 ||| qw: Melee chars always use a shield: true
     0 | D:1      | 0 ||| qw: God list: Okawaru
     0 | D:1      | 0 ||| qw: Allow faded altars: false
     0 | D:1      | 0 ||| qw: Do Orc after clearing Dungeon:15 true
     0 | D:1      | 0 ||| qw: Do second Lair branch before Depths: true
     0 | D:1      | 0 ||| qw: Lair rune preference: random
     0 | D:1      | 0 ||| qw: Goals: Normal
     0 | D:1      | 0 ||| PLANNING D:1-11
    19 | D:1      | Reached skill level 3 in Dodging
   143 | D:1      | Found a faded altar of an unknown god.
   143 | D:1      | Noticed a great orb of eyes
   148 | D:1      | Noticed a glass eye
   151 | D:1      | Reached XP level 2. HP: 14/14 MP: 3/3
   497 | D:1      | Noticed an eye of devastation
   502 | D:1      | Noticed a golden eye
   657 | D:1      | 657 ||| READING 2 scrolls labelled FIPONG UPONO.
   658 | D:1      | 658 ||| DROPPING scroll of butterflies.
   659 | D:1      | 659 ||| DROPPING scroll of blinking.
   704 | D:2      | Noticed Terence
   712 | D:2      | Killed Terence
   713 | D:2      | Reached skill level 4 in Dodging
   713 | D:2      | Reached XP level 3. HP: 18/18 MP: 4/4
  1208 | D:2      | 1208 ||| READING 3 scrolls labelled QEMNU CATHRI.
  1208 | D:2      | 1208 ||| IDENTIFYING glowing golden potion
  1209 | D:2      | 1209 ||| READING 2 scrolls of identify.
  1209 | D:2      | 1209 ||| IDENTIFYING scroll labelled SEERASA MIOFRI
  1210 | D:2      | 1210 ||| READING scroll of identify.
  1210 | D:2      | 1210 ||| IDENTIFYING scroll labelled CAASHR ERISTASH
  1211 | D:2      | 1211 ||| READING scroll labelled ABAGUA YFRUESM.
  1211 | D:2      | Identified a scroll of acquirement
  1211 | D:2      | 1211 ||| ACQUIRING +10 hand cannon of the Tomato {elec,
                  | rPois Str+3}
  1211 | D:2      | Acquired the +10 hand cannon of the Tomato {elec, rPois
                  | Str+3}
  1213 | D:2      | 1213 ||| SWAPPING to +10 hand cannon of the Tomato {elec,
                  | rPois Str+3}.
  1214 | D:2      | 1214 ||| DROPPING +0 shortbow.
  1215 | D:2      | 1215 ||| READING scroll labelled ATARIN JUSUIME.
  1216 | D:2      | 1216 ||| DROPPING potion of brilliance.
  1217 | D:2      | 1217 ||| DROPPING scroll of revelation.
  1218 | D:2      | 1218 ||| DROPPING scroll of amnesia.
  1255 | D:3      | 1255 ||| PLANNING SEWER
  1276 | D:3      | 1276 ||| FLEEEEING.
  1277 | D:3      | 1277 ||| FLEEEEING.
  1279 | D:3      | 1279 ||| FLEEEEING.
  1280 | D:3      | 1280 ||| FLEEEEING.
  1282 | D:3      | 1282 ||| FLEEEEING.
  1293 | D:3      | Reached XP level 4. HP: 22/22 MP: 5/5
  1330 | D:3      | Reached skill level 5 in Dodging
  1345 | D:3      | Found a sparkling altar of Nemelex Xobeh.
  1459 | D:3      | Reached XP level 5. HP: 16/26 MP: 6/6
  1608 | D:3      | You fall into a shaft and drop 2 floors!
  1608 | D:5      | Entered Level 5 of the Dungeon
  1650 | D:5      | 1650 ||| READING scroll labelled MIOVVUNGED.
  1821 | D:4      | Noticed Grinder
  1824 | D:4      | Killed Grinder
  1825 | D:4      | Reached skill level 6 in Ranged Weapons
  1825 | D:4      | Reached XP level 6. HP: 30/30 MP: 7/7
  2010 | D:4      | 2010 ||| READING 2 scrolls of identify.
  2010 | D:4      | 2010 ||| IDENTIFYING viscous yellow potion
  2011 | D:4      | 2011 ||| READING scroll of identify.
  2011 | D:4      | 2011 ||| IDENTIFYING viscous brown potion
  2012 | D:4      | 2012 ||| DRINKING 3 red potions.
  2013 | D:4      | 2013 ||| DRINKING 2 orange potions.
  2014 | D:4      | 2014 ||| DROPPING potion of ambrosia.
  2015 | D:4      | 2015 ||| DROPPING potion of attraction.
  2113 | D:3      | 2113 ||| RIP SEWER
  2171 | D:3      | 2171 ||| PLANNING D:1-11
  2388 | D:4      | 2388 ||| FLEEEEING.
  2389 | D:4      | 2389 ||| FLEEEEING.
  2390 | D:4      | 2390 ||| FLEEEEING.
  2428 | D:4      | Reached skill level 6 in Dodging
  2683 | D:4      | 2683 ||| DRINKING 2 bubbling brown potions.
  2683 | D:4      | Gained mutation: You are weak. (Str -2) [potion of
                  | mutation]
  2683 | D:4      | Gained mutation: Potions are less effective at restoring
                  | your health. [potion of mutation]
  2683 | D:4      | Gained mutation: You are partially covered in iridescent
                  | scales. (AC +2) [potion of mutation]
  2684 | D:4      | 2684 ||| DRINKING potion of mutation.
  2684 | D:4      | Lost mutation: Potions are less effective at restoring your
                  | health. [potion of mutation]
  2684 | D:4      | Lost mutation: You are partially covered in iridescent
                  | scales. (AC +2) [potion of mutation]
  2684 | D:4      | Gained mutation: Your mind is acute. (Int +4, Str/Dex -1)
                  | [potion of mutation]
  2684 | D:4      | Gained mutation: You sometimes lose your temper in combat.
                  | [potion of mutation]
  2684 | D:4      | Gained mutation: Your flesh is heat resistant. (rF+)
                  | [potion of mutation]
  2718 | D:5      | Noticed a water moccasin
  2720 | D:5      | Killed a water moccasin
  2721 | D:5      | Reached XP level 7. HP: 35/35 MP: 8/8
  2756 | D:5      | Reached skill level 7 in Dodging
  2788 | D:5      | Noticed Duvessa
  2789 | D:5      | 2789 ||| RETREEEEATING.
  2791 | D:5      | Noticed Dowan
  2792 | D:5      | 2792 ||| RETREEEEATING.
  2793 | D:5      | 2793 ||| RETREEEEATING.
  2800 | D:5      | Killed Duvessa
  2802 | D:5      | 2802 ||| FLEEEEING.
  2803 | D:5      | 2803 ||| FLEEEEING.
  2804 | D:5      | 2804 ||| FLEEEEING.
  2809 | D:5      | 2809 ||| FLEEEEING.
  2810 | D:5      | 2810 ||| FLEEEEING.
  2811 | D:5      | 2811 ||| FLEEEEING.
  2816 | D:5      | Killed Dowan
  2911 | D:5      | Found Kolalics's Armour Boutique.
  2920 | D:5      | 2920 ||| SHOPLISTING scarf of resistance (448 gold, have
                  | 176).
  2925 | D:5      | Found Ytrum's Jewellery Shop.
  2927 | D:5      | Reached skill level 3 in Fighting
  2927 | D:5      | Reached XP level 8. HP: 40/40 MP: 9/9
  2939 | D:5      | 2939 ||| READING scroll of acquirement.
  2939 | D:5      | 2939 ||| ACQUIRING 632 gold pieces
  2939 | D:5      | Acquired 632 gold pieces
  2954 | D:5      | 2954 ||| BUYING +5 ring of evasion (396 gold).
  2954 | D:5      | Bought a +5 ring of evasion for 396 gold pieces
  2954 | D:5      | 2954 ||| BUYING +6 ring of dexterity (396 gold).
  2954 | D:5      | Bought a +6 ring of dexterity for 396 gold pieces
  2954 | D:5      | 2954 ||| SHOPLISTING amulet of faith (440 gold, have 35).
  2954 | D:5      | 2954 ||| SHOPLISTING amulet of the acrobat (330 gold, have
                  | 35).
  2954 | D:5      | 2954 ||| SHOPLISTING ring "Ziv Mim" {*Slow Fly rElec Str+7
                  | Slay+4} (1124 gold, have 35).
  2954 | D:5      | 2954 ||| SHOPLISTING ring of protection from fire (275
                  | gold, have 35).
  2956 | D:5      | Found Ygischuage's Distillery.
  3026 | D:5      | Found Xexial's Weapon Shop.
  3076 | D:5      | Noticed Edmund
  3088 | D:5      | 3088 ||| SHOPLISTING potion of curing (42 gold, have 35).
  3088 | D:5      | 3088 ||| SHOPLISTING potion of heal wounds (70 gold, have
                  | 35).
  3088 | D:5      | 3088 ||| SHOPLISTING potion of mutation (112 gold, have
                  | 35).
  3101 | D:5      | Killed Edmund
  3101 | D:5      | Noticed Sigmund
  3102 | D:5      | Reached skill level 8 in Dodging
  3105 | D:5      | Killed Sigmund
  3258 | D:5      | Found a staircase to the Ecumenical Temple.
  3259 | D:5      | 3259 ||| PLANNING TEMPLE
  3259 | D:5      | 3259 ||| UPGRADING to +1 robe of cold resistance.
  3269 | D:5      | 3269 ||| DROPPING +0 robe.
  3270 | D:5      | 3270 ||| UPGRADING to +5 ring of evasion.
  3271 | D:5      | 3271 ||| UPGRADING to +6 ring of dexterity.
  3272 | D:5      | 3272 ||| READING scroll labelled ZATHRI ACUSEG.
  3345 | D:5      | 3345 ||| READING scroll labelled FESUCU AMNA.
  3346 | D:5      | 3346 ||| READING scroll labelled AFURAE MUANT.
  3354 | Temple   | Entered the Ecumenical Temple
  3355 | Temple   | 3355 ||| PLANNING OKAWARU WORSHIP
  3372 | Temple   | Became a worshipper of Warmaster Okawaru
  3373 | Temple   | 3373 ||| PLANNING D:1-11
  3521 | D:6      | 3521 ||| RETREEEEATING.
  3522 | D:6      | 3522 ||| RETREEEEATING.
  3523 | D:6      | 3523 ||| RETREEEEATING.
  3525 | D:6      | 3525 ||| RETREEEEATING.
  3527 | D:6      | Reached skill level 9 in Dodging
  3533 | D:6      | Reached skill level 9 in Ranged Weapons
  3672 | D:6      | Noticed qw's ghost (novice DjHu)
  3675 | D:6      | Found a runed translucent door.
  3731 | D:6      | Reached skill level 10 in Dodging
  3885 | D:6      | Reached * piety under Okawaru
  3904 | D:6      | Reached skill level 1 in Invocations
  4028 | D:6      | Reached XP level 9. HP: 44/44 MP: 10/10
  4085 | D:6      | 4085 ||| READING scroll of identify.
  4085 | D:6      | 4085 ||| IDENTIFYING white potion
  4086 | D:6      | 4086 ||| DROPPING wand of flame (16).
  4138 | D:7      | 4138 ||| RETREEEEATING.
  4139 | D:7      | 4139 ||| RETREEEEATING.
  4140 | D:7      | 4140 ||| RETREEEEATING.
  4141 | D:7      | 4141 ||| RETREEEEATING.
  4142 | D:7      | 4142 ||| RETREEEEATING.
  4143 | D:7      | 4143 ||| RETREEEEATING.
  4144 | D:7      | 4144 ||| RETREEEEATING.
  4145 | D:7      | 4145 ||| RETREEEEATING.
  4146 | D:7      | 4146 ||| RETREEEEATING.
  4155 | D:7      | Reached skill level 3 in Invocations
  4197 | D:7      | Found Xoemauni's Distillery.
  4207 | D:7      | 4207 ||| BUYING potion of enlightenment (70 gold).
  4207 | D:7      | Bought a potion of enlightenment for 70 gold pieces
  4207 | D:7      | 4207 ||| SHOPLISTING potion of enlightenment (70 gold, have
                  | 7).
  4207 | D:7      | 4207 ||| SHOPLISTING potion of heal wounds (70 gold, have
                  | 7).
  4207 | D:7      | 4207 ||| SHOPLISTING potion of might (56 gold, have 7).
  4255 | D:7      | Reached skill level 11 in Dodging
  4294 | D:7      | Reached ** piety under Okawaru
  4370 | D:7      | Found Hagrob's Distillery.
  4375 | D:7      | Noticed Maggie
  4376 | D:7      | 4376 ||| INVOKING Heroism.
  4381 | D:7      | 4381 ||| STAIRDANCE
  4419 | D:6      | 4419 ||| READING scroll labelled RAPPOIRGHITU.
  4473 | D:7      | 4473 ||| DRINKING 4 potions of curing.
  4473 | D:7      | 4473 ||| (to cure confusion)
  4474 | D:7      | 4474 ||| INVOKING Heroism.
  4477 | D:7      | Killed Maggie
  4506 | D:7      | 4506 ||| SHOPLISTING potion of enlightenment (55 gold, have
                  | 54).
  4506 | D:7      | 4506 ||| SHOPLISTING potion of haste (110 gold, have 54).
  4506 | D:7      | 4506 ||| SHOPLISTING potion of heal wounds (55 gold, have
                  | 54).
  4506 | D:7      | 4506 ||| SHOPLISTING potion of mutation (88 gold, have 54).
  4522 | D:7      | Found Gagreej's Armour Emporium.
  4724 | D:7      | 4724 ||| UPGRADING to +0 swamp dragon scales.
  4734 | D:7      | 4734 ||| DROPPING +1 robe of cold resistance.
  4735 | D:7      | 4735 ||| DROPPING ring of positive energy.
  4736 | D:7      | 4736 ||| READING scroll of identify.
  4736 | D:7      | 4736 ||| IDENTIFYING glowing purple potion
  4737 | D:7      | 4737 ||| READING scroll labelled KOANERGH SITEN.
  4752 | D:7      | Identified the +3 leather armour of Absence {rF+ Regen+}
  4760 | D:8      | 4760 ||| STAIRDANCE
  4823 | D:8      | 4823 ||| DRINKING potion of mutation.
  4823 | D:8      | Lost mutation: Your flesh is heat resistant. (rF+) [potion
                  | of mutation]
  4823 | D:8      | Lost mutation: You are weak. (Str -2) [potion of mutation]
  4823 | D:8      | Lost mutation: You sometimes lose your temper in combat.
                  | [potion of mutation]
  4823 | D:8      | Gained mutation: Your spells are a little easier to cast,
                  | but a little less powerful. [potion of mutation]
  4823 | D:8      | Gained mutation: You have a somewhat thin skeletal
                  | structure. (Dex +2, Stealth+) [potion of mutation]
  4832 | D:8      | Noticed Erica
  4833 | D:8      | 4833 ||| INVOKING Heroism.
  4840 | D:8      | Killed Erica
  4841 | D:8      | Reached skill level 3 in Armour
  4841 | D:8      | Reached XP level 10. HP: 49/49 MP: 12/14
  4951 | D:8      | Found a shimmering blue altar of Sif Muna.
  4988 | D:8      | Found a snail-covered altar of Cheibriados.
  4988 | D:8      | Found a sacrificial altar of Ru.
  5158 | D:8      | Found a basalt altar of Yredelemnul.
  5290 | D:8      | Noticed a two-headed ogre
  5291 | D:8      | 5291 ||| INVOKING Heroism.
  5293 | D:8      | Killed a two-headed ogre
  5293 | D:8      | Reached *** piety under Okawaru
  5344 | D:8      | Found a glowing golden altar of the Shining One.
  5407 | D:8      | 5407 ||| READING 4 scrolls of identify.
  5407 | D:8      | 5407 ||| IDENTIFYING purple potion
  5408 | D:8      | 5408 ||| READING 3 scrolls of identify.
  5408 | D:8      | 5408 ||| IDENTIFYING golden potion
  5409 | D:8      | 5409 ||| READING 2 scrolls of identify.
  5409 | D:8      | 5409 ||| IDENTIFYING 2 scrolls labelled DUKLON DEMYEL
  5410 | D:8      | 5410 ||| DROPPING 2 scrolls of poison.
  5411 | D:8      | 5411 ||| DROPPING potion of degeneration.
  5431 | D:9      | Noticed a two-headed ogre
  5432 | D:9      | 5432 ||| STAIRDANCE
  5436 | D:9      | 5436 ||| INVOKING Heroism.
  5437 | D:9      | 5437 ||| STAIRDANCE
  5454 | D:9      | 5454 ||| INVOKING Heroism.
  5455 | D:9      | Killed a two-headed ogre
  5456 | D:9      | Reached skill level 12 in Ranged Weapons
  5500 | D:9      | Found an opulent altar of Gozag.
  5743 | D:9      | Reached skill level 12 in Dodging
  6052 | D:9      | 6052 ||| RETREEEEATING.
  6055 | D:9      | Reached **** piety under Okawaru
  6384 | D:9      | 6384 ||| READING scroll of identify.
  6384 | D:9      | 6384 ||| IDENTIFYING pink potion
  6385 | D:9      | 6385 ||| READING 3 scrolls labelled OQYMUI BUNAIQY.
  6386 | D:9      | 6386 ||| DROPPING 2 scrolls of fear.
  6443 | D:10     | Entered Level 10 of the Dungeon
  6469 | D:10     | Reached XP level 11. HP: 55/55 MP: 15/15
  6528 | D:10     | Found a white marble altar of Elyvilon.
  6591 | D:10     | Found a blossoming altar of Fedhas.
  6660 | D:10     | Reached ***** piety under Okawaru
  6760 | D:10     | 6760 ||| RETREEEEATING.
  6763 | D:10     | 6763 ||| RETREEEEATING.
  6765 | D:10     | 6765 ||| RETREEEEATING.
  6766 | D:10     | 6766 ||| RETREEEEATING.
  6768 | D:10     | Received a gift from Okawaru
  6780 | D:10     | Reached skill level 6 in Invocations
  7081 | D:10     | Found an ancient bone altar of Kikubaaqudgha.
  7260 | D:10     | 7260 ||| UPGRADING to +0 troll leather armour.
  7295 | D:11     | 7295 ||| STAIRDANCE
  7301 | D:11     | 7301 ||| STAIRDANCE
  7311 | D:11     | 7311 ||| STAIRDANCE
  7335 | D:11     | 7335 ||| STAIRDANCE
  7352 | D:11     | 7352 ||| STAIRDANCE
  7380 | D:11     | Found a staircase to the Orcish Mines.
  7653 | D:11     | Found Qareupr Oska's Book Shop.
  7710 | D:11     | 7710 ||| RETREEEEATING.
  7716 | D:11     | Received a gift from Okawaru
  7726 | D:11     | Found a staircase to the Lair.
  7782 | D:11     | Found Wydunna's General Store.
  7785 | D:11     | 7785 ||| BUYING 2 potions of curing (90 gold).
  7785 | D:11     | Bought 2 potions of curing for 90 gold pieces
  7785 | D:11     | 7785 ||| BUYING scroll of identify (30 gold).
  7785 | D:11     | Bought a scroll of identify for 30 gold pieces
  7785 | D:11     | 7785 ||| BUYING wand of polymorph (2) (42 gold).
  7785 | D:11     | Bought a wand of polymorph (2) for 42 gold pieces
  7790 | D:11     | Reached skill level 13 in Dodging
  7794 | D:11     | Found Omec's Antique Armour Shoppe.
  7801 | D:11     | 7801 ||| BUYING cloak (139 gold).
  7801 | D:11     | Bought a cloak for 139 gold pieces
  7801 | D:11     | 7801 ||| SHOPLISTING embroidered scarf (248 gold, have 55).
  8044 | D:11     | Found Ehate's Antique Weapon Emporium.
  8058 | D:11     | 8058 ||| PLANNING LAIR
  8058 | D:11     | 8058 ||| UPGRADING to +0 cloak.
  8087 | Lair:1   | Entered Level 1 of the Lair of Beasts
  8389 | Lair:1   | Found a snail-covered altar of Cheibriados.
  8391 | Lair:1   | 8391 ||| INVOKING Finesse.
  8761 | Lair:1   | 8761 ||| UPGRADING to amulet of the acrobat.
  8766 | Lair:1   | 8766 ||| READING 3 scrolls of identify.
  8766 | Lair:1   | 8766 ||| IDENTIFYING scroll labelled BAENEHUAGI
  8767 | Lair:1   | 8767 ||| READING scroll of enchant armour.
  8767 | Lair:1   | 8767 ||| ENCHANTING +0 cloak.
  8804 | Lair:2   | Found a frozen archway.
  8805 | Lair:2   | 8805 ||| RETREEEEATING.
  8806 | Lair:2   | 8806 ||| RETREEEEATING.
  8807 | Lair:2   | 8807 ||| RETREEEEATING.
  8808 | Lair:2   | 8808 ||| RETREEEEATING.
  8809 | Lair:2   | 8809 ||| RETREEEEATING.
  8810 | Lair:2   | 8810 ||| RETREEEEATING.
  8813 | Lair:2   | 8813 ||| INVOKING Finesse.
  8816 | Lair:2   | Reached XP level 12. HP: 60/60 MP: 13/19
  8827 | Lair:2   | Reached skill level 14 in Dodging
  8907 | Lair:2   | 8907 ||| RETREEEEATING.
  8909 | Lair:2   | 8909 ||| RETREEEEATING.
  8910 | Lair:2   | 8910 ||| RETREEEEATING.
  8911 | Lair:2   | 8911 ||| RETREEEEATING.
  8912 | Lair:2   | 8912 ||| RETREEEEATING.
  8915 | Lair:2   | 8915 ||| RETREEEEATING.
  8916 | Lair:2   | 8916 ||| RETREEEEATING.
  8918 | Lair:2   | 8918 ||| RETREEEEATING.
  8920 | Lair:2   | Reached skill level 9 in Invocations
  8924 | Lair:2   | Noticed a seven-headed hydra
  8925 | Lair:2   | 8925 ||| INVOKING Finesse.
  8926 | Lair:2   | HP: 9/60 [seven-headed hydra (10)]
  8927 | Lair:2   | 8927 ||| READING 3 scrolls of teleportation.
  8928 | Lair:2   | 8928 ||| DRINKING potion of heal wounds.
  8931 | Lair:2   | 8931 ||| READING 2 scrolls of teleportation.
  9023 | Lair:2   | Received a gift from Okawaru
  9041 | Lair:2   | Found a staircase to the Shoals.
  9084 | Lair:2   | 9084 ||| RETREEEEATING.
  9246 | Lair:2   | Reached skill level 15 in Dodging
  9470 | Lair:2   | 9470 ||| INVOKING Finesse.
  9477 | Lair:2   | Killed a seven-headed hydra
  9680 | Lair:2   | 9680 ||| DROPPING ring of resist corrosion.
  9700 | Lair:3   | 9700 ||| RETREEEEATING.
  9700 | Lair:3   | Found a hole to the Spider Nest.
  9700 | Lair:3   | Identified the +9 hand axe of Extinguishment {freeze, rC+
                  | Dex+3}
  9701 | Lair:3   | 9701 ||| RETREEEEATING.
  9702 | Lair:3   | 9702 ||| RETREEEEATING.
  9703 | Lair:3   | 9703 ||| RETREEEEATING.
  9704 | Lair:3   | 9704 ||| RETREEEEATING.
  9705 | Lair:3   | 9705 ||| RETREEEEATING.
  9706 | Lair:3   | 9706 ||| RETREEEEATING.
  9707 | Lair:3   | 9707 ||| RETREEEEATING.
  9708 | Lair:3   | 9708 ||| RETREEEEATING.
  9709 | Lair:3   | 9709 ||| RETREEEEATING.
  9710 | Lair:3   | 9710 ||| RETREEEEATING.
  9777 | Lair:3   | 9777 ||| RETREEEEATING.
  9778 | Lair:3   | 9778 ||| RETREEEEATING.
  9779 | Lair:3   | 9779 ||| RETREEEEATING.
  9780 | Lair:3   | 9780 ||| RETREEEEATING.
  9781 | Lair:3   | 9781 ||| RETREEEEATING.
  9782 | Lair:3   | 9782 ||| RETREEEEATING.
  9783 | Lair:3   | 9783 ||| RETREEEEATING.
  9784 | Lair:3   | 9784 ||| RETREEEEATING.
  9794 | Lair:3   | 9794 ||| DRINKING potion of cancellation.
  9891 | Lair:3   | 9891 ||| RETREEEEATING.
  9894 | Lair:3   | 9894 ||| RETREEEEATING.
  9895 | Lair:3   | 9895 ||| RETREEEEATING.
  9898 | Lair:3   | 9898 ||| RETREEEEATING.
  9899 | Lair:3   | 9899 ||| RETREEEEATING.
  9900 | Lair:3   | 9900 ||| RETREEEEATING.
  9907 | Lair:3   | 9907 ||| INVOKING Finesse.
 10577 | Lair:3   | 10577 ||| DROPPING amulet of magic regeneration.
 10578 | Lair:3   | 10578 ||| READING 3 scrolls of identify.
 10578 | Lair:3   | 10578 ||| IDENTIFYING inky potion
 10579 | Lair:3   | 10579 ||| READING 2 scrolls of identify.
 10579 | Lair:3   | 10579 ||| IDENTIFYING scroll labelled ICSUME ZIRE
 10580 | Lair:3   | 10580 ||| DROPPING scroll of silence.
 10581 | Lair:3   | 10581 ||| DROPPING potion of lignification.
 10616 | Lair:4   | Received a gift from Okawaru
 10627 | Lair:4   | Reached skill level 16 in Dodging
 10662 | Lair:4   | 10662 ||| RETREEEEATING.
 10663 | Lair:4   | 10663 ||| RETREEEEATING.
 10664 | Lair:4   | 10664 ||| RETREEEEATING.
 10674 | Lair:4   | Reached XP level 13. HP: 65/65 MP: 21/21
 10698 | Lair:4   | Reached skill level 6 in Fighting
 10755 | Lair:4   | 10755 ||| RETREEEEATING.
 10759 | Lair:4   | 10759 ||| RETREEEEATING.
 10760 | Lair:4   | 10760 ||| RETREEEEATING.
 10766 | Lair:4   | 10766 ||| RETREEEEATING.
 10767 | Lair:4   | 10767 ||| RETREEEEATING.
 10768 | Lair:4   | 10768 ||| RETREEEEATING.
 10769 | Lair:4   | 10769 ||| RETREEEEATING.
 10771 | Lair:4   | 10771 ||| RETREEEEATING.
 10773 | Lair:4   | 10773 ||| RETREEEEATING.
 10783 | Lair:4   | Received a gift from Okawaru
 10805 | Lair:4   | You fall into a shaft and drop 1 floor!
 10805 | Lair:5   | Entered Level 5 of the Lair of Beasts
 10844 | Lair:5   | 10844 ||| RETREEEEATING.
 10845 | Lair:5   | 10845 ||| RETREEEEATING.
 10846 | Lair:5   | 10846 ||| RETREEEEATING.
 10847 | Lair:5   | 10847 ||| Stepping ~*~*~tactically~*~*~ (cloud).
 10850 | Lair:5   | 10850 ||| RETREEEEATING.
 10851 | Lair:5   | 10851 ||| RETREEEEATING.
 10852 | Lair:5   | 10852 ||| RETREEEEATING.
 10853 | Lair:5   | 10853 ||| RETREEEEATING.
 10854 | Lair:5   | 10854 ||| RETREEEEATING.
 10855 | Lair:5   | 10855 ||| RETREEEEATING.
 10856 | Lair:5   | 10856 ||| RETREEEEATING.
 10857 | Lair:5   | 10857 ||| INVOKING Finesse.
 10862 | Lair:5   | 10862 ||| Stepping ~*~*~tactically~*~*~ (cloud).
 10863 | Lair:5   | 10863 ||| RETREEEEATING.
 10871 | Lair:5   | Reached skill level 17 in Dodging
 10966 | Lair:5   | 10966 ||| RETREEEEATING.
 10967 | Lair:5   | 10967 ||| RETREEEEATING.
 10979 | Lair:5   | Received a gift from Okawaru
 10981 | Lair:5   | 10981 ||| RETREEEEATING.
 10982 | Lair:5   | 10982 ||| RETREEEEATING.
 10983 | Lair:5   | 10983 ||| RETREEEEATING.
 10984 | Lair:5   | 10984 ||| RETREEEEATING.
 10985 | Lair:5   | 10985 ||| RETREEEEATING.
 10987 | Lair:5   | 10987 ||| RETREEEEATING.
 10993 | Lair:5   | Reached skill level 15 in Ranged Weapons
 11210 | Lair:5   | 11210 ||| Stepping ~*~*~tactically~*~*~ (cloud).
 11216 | Lair:5   | Reached ****** piety under Okawaru
 11225 | Lair:5   | 11225 ||| INVOKING Receive Weapon.
 11225 | Lair:5   | 11225 ||| ACQUIRING +4 hand cannon of freezing
 11225 | Lair:5   | Acquired a +4 hand cannon of freezing
 11225 | Lair:5   | Received a gift from Okawaru
 11226 | Lair:5   | 11226 ||| INVOKING Receive Armour.
 11226 | Lair:5   | 11226 ||| ACQUIRING +0 hat "Zog Tapt" {+Blink rPois}
 11226 | Lair:5   | Acquired the +0 hat "Zog Tapt" {+Blink rPois}
 11226 | Lair:5   | Received a gift from Okawaru
 11240 | Lair:5   | Reached skill level 18 in Dodging
 11321 | Lair:4   | 11321 ||| INVOKING Finesse.
 11450 | Lair:4   | 11450 ||| READING scroll of enchant armour.
 11450 | Lair:4   | 11450 ||| ENCHANTING +1 cloak.
 11499 | Lair:4   | Received a gift from Okawaru
 11525 | Lair:4   | 11525 ||| RETREEEEATING.
 11526 | Lair:4   | 11526 ||| RETREEEEATING.
 11528 | Lair:4   | 11528 ||| RETREEEEATING.
 11529 | Lair:4   | 11529 ||| RETREEEEATING.
 11532 | Lair:4   | 11532 ||| RETREEEEATING.
 11533 | Lair:4   | 11533 ||| RETREEEEATING.
 11534 | Lair:4   | 11534 ||| RETREEEEATING.
 11536 | Lair:4   | 11536 ||| RETREEEEATING.
 11538 | Lair:4   | 11538 ||| RETREEEEATING.
 11541 | Lair:4   | 11541 ||| RETREEEEATING.
 11546 | Lair:4   | 11546 ||| RETREEEEATING.
 11548 | Lair:4   | 11548 ||| RETREEEEATING.
 11549 | Lair:4   | 11549 ||| RETREEEEATING.
 11550 | Lair:4   | 11550 ||| RETREEEEATING.
 11551 | Lair:4   | 11551 ||| RETREEEEATING.
 11552 | Lair:4   | 11552 ||| RETREEEEATING.
 11553 | Lair:4   | 11553 ||| RETREEEEATING.
 11554 | Lair:4   | 11554 ||| RETREEEEATING.
 11555 | Lair:4   | 11555 ||| RETREEEEATING.
 11556 | Lair:4   | 11556 ||| RETREEEEATING.
 11557 | Lair:4   | 11557 ||| RETREEEEATING.
 11558 | Lair:4   | 11558 ||| RETREEEEATING.
 11559 | Lair:4   | 11559 ||| RETREEEEATING.
 11563 | Lair:4   | 11563 ||| RETREEEEATING.
 11565 | Lair:4   | 11565 ||| RETREEEEATING.
 11566 | Lair:4   | 11566 ||| RETREEEEATING.
 11567 | Lair:4   | 11567 ||| RETREEEEATING.
 11568 | Lair:4   | 11568 ||| RETREEEEATING.
 11781 | Lair:4   | 11781 ||| READING scroll of enchant armour.
 11781 | Lair:4   | 11781 ||| ENCHANTING +0 troll leather armour.
 12025 | Lair:4   | 12025 ||| DROPPING +0 robe of fire resistance.
 12102 | Lair:5   | Received a gift from Okawaru
 12103 | Lair:5   | Reached XP level 14. HP: 70/70 MP: 22/22
 12179 | Lair:5   | Found a staircase to the Slime Pits.
 12199 | Lair:5   | 12199 ||| INVOKING Finesse.
 12200 | Lair:5   | 12200 ||| INVOKING Heroism.
 12282 | Lair:5   | 12282 ||| RETREEEEATING.
 12283 | Lair:5   | 12283 ||| RETREEEEATING.
 12284 | Lair:5   | 12284 ||| RETREEEEATING.
 12285 | Lair:5   | 12285 ||| RETREEEEATING.
 12286 | Lair:5   | 12286 ||| INVOKING Finesse.
 12288 | Lair:5   | 12288 ||| RETREEEEATING.
 12630 | Lair:5   | Got an earthy gem with 584 turns to spare
 12686 | Lair:5   | 12686 ||| PLANNING D
 12686 | Lair:5   | 12686 ||| DROPPING ring of fire.
 12822 | D:12     | Noticed Lodul
 12822 | D:12     | Found a gate leading to a gauntlet.
 12823 | D:12     | 12823 ||| PLANNING GAUNTLET
 12823 | D:12     | 12823 ||| INVOKING Finesse.
 12832 | D:12     | 12832 ||| STAIRDANCE
 12834 | D:11     | Killed Lodul
 12865 | Gauntlet | Entered a Gauntlet
 12865 | Gauntlet | Found a transporter.
 12865 | Gauntlet | Found a runed translucent door.
 12866 | Gauntlet | Found a runed translucent door.
 12874 | Gauntlet | Found a transporter.
 12877 | Gauntlet | Found a transporter.
 12878 | Gauntlet | Found a transporter.
 12886 | Gauntlet | Found a transporter.
 12889 | Gauntlet | Found a transporter.
 12890 | Gauntlet | Found a transporter.
 12902 | Gauntlet | Found a transporter.
 12903 | Gauntlet | Found a transporter.
 12903 | Gauntlet | Found a transporter.
 12915 | Gauntlet | Found a transporter.
 12916 | Gauntlet | Found a transporter.
 12917 | Gauntlet | Found a transporter.
 12927 | Gauntlet | Found a transporter.
 13020 | Gauntlet | 13020 ||| UPGRADING to +1 hat.
 13106 | Gauntlet | Identified the +1 morningstar "Bosaesip" {holy, *Corrode
                  | Will+++ Dex+3 Stlth+}
 13106 | Gauntlet | Identified the +7 long sword "Egexou" {spect, rCorr Int+3
                  | Stlth+}
 13150 | D:12     | 13150 ||| PLANNING D
 13390 | D:12     | Identified the +9 rapier of Tenacity {flame, rPois rC+}
 13411 | D:12     | Found a burning altar of Makhleb.
 13687 | D:12     | Received a gift from Okawaru
 13914 | D:12     | 13914 ||| DROPPING ring of magical power.
 14132 | D:13     | HP: 8/72 [centaur warrior/arrow (20)]
 14133 | D:13     | 14133 ||| READING 2 scrolls of teleportation.
 14134 | D:13     | 14134 ||| DRINKING 7 potions of heal wounds.
 14135 | D:13     | 14135 ||| DRINKING 6 potions of heal wounds.
 14411 | D:13     | 14411 ||| DROPPING amulet of guardian spirit.
 14412 | D:13     | 14412 ||| UPGRADING to amulet of regeneration.
 14422 | D:13     | 14422 ||| DROPPING amulet of the acrobat.
 14423 | D:13     | 14423 ||| READING 4 scrolls of identify.
 14423 | D:13     | 14423 ||| IDENTIFYING 2 fuming cyan potions
 14477 | D:14     | 14477 ||| RETREEEEATING.
 14480 | D:14     | 14480 ||| RETREEEEATING.
 14481 | D:14     | 14481 ||| RETREEEEATING.
 14482 | D:14     | 14482 ||| INVOKING Finesse.
 14546 | D:14     | Received a gift from Okawaru
 14766 | D:14     | Reached skill level 19 in Dodging
 14970 | D:14     | 14970 ||| RETREEEEATING.
 14971 | D:14     | 14971 ||| RETREEEEATING.
 14972 | D:14     | 14972 ||| RETREEEEATING.
 14974 | D:14     | 14974 ||| RETREEEEATING.
 14981 | D:14     | HP: 16/72 [+4 long sword (15)]
 14982 | D:14     | 14982 ||| READING scroll of teleportation.
 14983 | D:14     | 14983 ||| DRINKING 5 potions of heal wounds.
 15070 | D:14     | Found a gate to the Vaults.
 15405 | D:14     | 15405 ||| DROPPING ring of ice.
 15442 | D:15     | Entered Level 15 of the Dungeon
 15498 | D:15     | 15498 ||| RETREEEEATING.
 15500 | D:15     | 15500 ||| RETREEEEATING.
 15502 | D:15     | 15502 ||| RETREEEEATING.
 15504 | D:15     | 15504 ||| RETREEEEATING.
 15509 | D:15     | 15509 ||| RETREEEEATING.
 15517 | D:15     | Received a gift from Okawaru
 15586 | D:15     | Reached skill level 18 in Ranged Weapons
 15630 | D:15     | Found a bloodstained altar of Trog.
 15646 | D:15     | 15646 ||| RETREEEEATING.
 15984 | D:15     | Found a staircase to the Depths.
 15996 | D:15     | Got a smoky gem with 1330 turns to spare
 16044 | D:15     | 16044 ||| PLANNING ORC
 16125 | Orc:1    | Entered Level 1 of the Orcish Mines
 16143 | Orc:1    | Reached XP level 15. HP: 77/77 MP: 23/23
 16238 | Orc:2    | Entered Level 2 of the Orcish Mines
 16263 | Orc:2    | Found a staircase to the Elven Halls.
 16283 | Orc:1    | 16283 ||| RETREEEEATING.
 16295 | Orc:1    | Received a gift from Okawaru
 16376 | Orc:1    | Found Foeduips's General Store.
 16385 | Orc:1    | 16385 ||| BUYING potion of curing (39 gold).
 16385 | Orc:1    | Bought a potion of curing for 39 gold pieces
 16385 | Orc:1    | 16385 ||| BUYING potion of haste (130 gold).
 16385 | Orc:1    | Bought a potion of haste for 130 gold pieces
 16584 | Orc:2    | Noticed Jorgrun
 16585 | Orc:2    | 16585 ||| INVOKING Finesse.
 16592 | Orc:2    | Killed Jorgrun
 17030 | Orc:2    | 17030 ||| ZAPPING wand of quicksilver (7) at -2,-6 (orc
                  | sorcerer; floor).
 17032 | Orc:2    | 17032 ||| ZAPPING wand of quicksilver (6) at -1,-4 (orc
                  | sorcerer; floor).
 17033 | Orc:2    | 17033 ||| RETREEEEATING.
 17035 | Orc:2    | 17035 ||| ZAPPING wand of quicksilver (5) at 1,-3 (orc
                  | sorcerer; floor).
 17039 | Orc:2    | 17039 ||| RETREEEEATING.
 17040 | Orc:2    | 17040 ||| ZAPPING wand of quicksilver (4) at 2,-3 (orc
                  | knight; floor).
 17041 | Orc:2    | 17041 ||| INVOKING Finesse.
 17052 | Orc:2    | Reached skill level 20 in Dodging
 17085 | Orc:2    | 17085 ||| ZAPPING wand of quicksilver (3) at 2,-3 (orc high
                  | priest; floor).
 17087 | Orc:2    | 17087 ||| ZAPPING wand of quicksilver (2) at 2,-1 (orc high
                  | priest; floor).
 17089 | Orc:2    | 17089 ||| INVOKING Finesse.
 17123 | Orc:2    | Found Cieppouss's Antique Armour Emporium.
 17130 | Orc:2    | Found Geteng's Antique Armour Shop.
 17134 | Orc:2    | 17134 ||| BUYING embroidered scarf (160 gold).
 17134 | Orc:2    | Bought an embroidered scarf for 160 gold pieces
 17137 | Orc:2    | 17137 ||| BUYING glowing cloak (262 gold).
 17137 | Orc:2    | Bought a glowing cloak for 262 gold pieces
 17137 | Orc:2    | Found Itidier's Armour Shop.
 17139 | Orc:2    | Found Fumu's Distillery.
 17145 | Orc:2    | 17145 ||| BUYING +1 robe of resistance (327 gold).
 17145 | Orc:2    | Bought a +1 robe of resistance for 327 gold pieces
 17148 | Orc:2    | 17148 ||| BUYING 2 potions of cancellation (160 gold).
 17148 | Orc:2    | Bought 2 potions of cancellation for 160 gold pieces
 17148 | Orc:2    | 17148 ||| BUYING potion of curing (30 gold).
 17148 | Orc:2    | Bought a potion of curing for 30 gold pieces
 17148 | Orc:2    | 17148 ||| BUYING potion of curing (30 gold).
 17148 | Orc:2    | Bought a potion of curing for 30 gold pieces
 17148 | Orc:2    | 17148 ||| BUYING potion of heal wounds (50 gold).
 17148 | Orc:2    | Bought a potion of heal wounds for 50 gold pieces
 17213 | Orc:2    | 17213 ||| PLANNING SHOALS:1-3
 17213 | Orc:2    | 17213 ||| DROPPING scarf of invisibility.
 17214 | Orc:2    | 17214 ||| DROPPING +2 cloak.
 17419 | Shoals:1 | Entered Level 1 of the Shoals
 17421 | Shoals:1 | 17421 ||| STAIRDANCE
 17430 | Shoals:1 | 17430 ||| STAIRDANCE
 17430 | Shoals:1 | HP: 19/77 [faun/sling bullet (13)]
 17627 | Shoals:1 | HP: 9/77 [water nymph/the raging water (38)]
 17628 | Shoals:1 | 17628 ||| DRINKING 5 potions of heal wounds.
 17630 | Shoals:1 | 17630 ||| DRINKING 4 potions of heal wounds.
 17668 | Shoals:1 | Reached skill level 21 in Dodging
 17835 | Shoals:1 | Received a gift from Okawaru
 18024 | Shoals:1 | 18024 ||| DROPPING ring of wizardry.
 18041 | Shoals:2 | Noticed Polyphemus
 18042 | Shoals:2 | 18042 ||| INVOKING Finesse.
 18043 | Shoals:2 | 18043 ||| STAIRDANCE
 18053 | Shoals:1 | Killed Polyphemus
 18076 | Shoals:2 | 18076 ||| STAIRDANCE
 18080 | Shoals:2 | 18080 ||| INVOKING Finesse.
 18183 | Shoals:2 | Identified the serpent talisman "Jexagibu" {+Blink Str-5
                  | Int-3 SInv}
 18183 | Shoals:2 | Noticed Aizul
 18184 | Shoals:2 | 18184 ||| INVOKING Finesse.
 18196 | Shoals:2 | Killed Aizul
 18297 | Shoals:2 | Received a gift from Okawaru
 18642 | Shoals:2 | 18642 ||| DROPPING +4 ring of protection.
 18658 | Shoals:3 | 18658 ||| STAIRDANCE
 18667 | Shoals:3 | 18667 ||| STAIRDANCE
 18713 | Shoals:3 | 18713 ||| INVOKING Finesse.
 18931 | Shoals:3 | Received a gift from Okawaru
 18942 | Shoals:3 | Reached skill level 22 in Dodging
 19057 | Shoals:3 | Reached XP level 16. HP: 81/81 MP: 24/24
 19061 | Shoals:3 | Found Buecwaps's Magic Scroll Shoppe.
 19072 | Shoals:3 | 19072 ||| BUYING scroll of brand weapon (142 gold).
 19072 | Shoals:3 | Bought a scroll of brand weapon for 142 gold pieces
 19072 | Shoals:3 | 19072 ||| BUYING scroll of enchant armour (112 gold).
 19072 | Shoals:3 | Bought a scroll of enchant armour for 112 gold pieces
 19072 | Shoals:3 | 19072 ||| BUYING scroll of identify (30 gold).
 19072 | Shoals:3 | Bought a scroll of identify for 30 gold pieces
 19072 | Shoals:3 | 19072 ||| BUYING scroll of identify (30 gold).
 19072 | Shoals:3 | Bought a scroll of identify for 30 gold pieces
 19072 | Shoals:3 | 19072 ||| BUYING scroll of identify (30 gold).
 19072 | Shoals:3 | Bought a scroll of identify for 30 gold pieces
 19072 | Shoals:3 | 19072 ||| BUYING scroll of teleportation (45 gold).
 19072 | Shoals:3 | Bought a scroll of teleportation for 45 gold pieces
 19072 | Shoals:3 | 19072 ||| READING scroll of enchant armour.
 19072 | Shoals:3 | 19072 ||| ENCHANTING +1 hat.
 19178 | Shoals:3 | Found Vuffekk's Armour Boutique.
 19188 | Shoals:3 | 19188 ||| SHOPLISTING +7 steam dragon scales of Paacuth
                  | {Dex+3} (1501 gold, have 495).
 19210 | Shoals:4 | Entered Level 4 of the Shoals
 19263 | Shoals:4 | 19263 ||| RETREEEEATING.
 19264 | Shoals:4 | 19264 ||| RETREEEEATING.
 19265 | Shoals:4 | 19265 ||| RETREEEEATING.
 19416 | Shoals:4 | Reached skill level 9 in Fighting
 19418 | Shoals:4 | 19418 ||| RETREEEEATING.
 19419 | Shoals:4 | 19419 ||| RETREEEEATING.
 19420 | Shoals:4 | 19420 ||| RETREEEEATING.
 19490 | Shoals:4 | 19490 ||| RETREEEEATING.
 19694 | Shoals:4 | Received a gift from Okawaru
 19776 | Shoals:4 | 19776 ||| DROPPING ring of willpower.
 19801 | Shoals:3 | 19801 ||| PLANNING SPIDER:1-3
 19916 | Spider:1 | Entered Level 1 of the Spider Nest
 20338 | Spider:1 | 20338 ||| INVOKING Finesse.
 20956 | Spider:1 | 20956 ||| UPGRADING to amulet of reflection.
 20966 | Spider:1 | 20966 ||| DROPPING amulet of regeneration.
 21025 | Spider:2 | 21025 ||| RETREEEEATING.
 21026 | Spider:2 | 21026 ||| RETREEEEATING.
 21027 | Spider:2 | 21027 ||| RETREEEEATING.
 21028 | Spider:2 | 21028 ||| RETREEEEATING.
 21029 | Spider:2 | 21029 ||| RETREEEEATING.
 21030 | Spider:2 | 21030 ||| INVOKING Finesse.
 21031 | Spider:2 | 21031 ||| INVOKING Heroism.
 21071 | Spider:2 | Received a gift from Okawaru
 21092 | Spider:2 | Reached skill level 23 in Dodging
 21102 | Spider:2 | 21102 ||| RETREEEEATING.
 21103 | Spider:2 | 21103 ||| RETREEEEATING.
 21104 | Spider:2 | 21104 ||| RETREEEEATING.
 21105 | Spider:2 | 21105 ||| RETREEEEATING.
 21106 | Spider:2 | 21106 ||| RETREEEEATING.
 21107 | Spider:2 | 21107 ||| RETREEEEATING.
 21108 | Spider:2 | 21108 ||| RETREEEEATING.
 21111 | Spider:2 | 21111 ||| RETREEEEATING.
 21112 | Spider:2 | 21112 ||| RETREEEEATING.
 21113 | Spider:2 | 21113 ||| RETREEEEATING.
 21114 | Spider:2 | 21114 ||| INVOKING Finesse.
 21117 | Spider:2 | 21117 ||| RETREEEEATING.
 21118 | Spider:2 | 21118 ||| RETREEEEATING.
 21119 | Spider:2 | 21119 ||| RETREEEEATING.
 21120 | Spider:2 | 21120 ||| RETREEEEATING.
 21121 | Spider:2 | 21121 ||| RETREEEEATING.
 21122 | Spider:2 | 21122 ||| INVOKING Heroism.
 21124 | Spider:2 | 21124 ||| RETREEEEATING.
 21138 | Spider:2 | 21138 ||| DRINKING 3 potions of cancellation.
 21152 | Spider:2 | 21152 ||| DRINKING 2 potions of cancellation.
 21158 | Spider:2 | 21158 ||| DRINKING potion of cancellation.
 21174 | Spider:2 | 21174 ||| INVOKING Finesse.
 21199 | Spider:2 | HP: 17/84 [wolf spider simulacrum (24)]
 21200 | Spider:2 | 21200 ||| READING 2 scrolls of teleportation.
 21201 | Spider:2 | 21201 ||| DRINKING 5 potions of heal wounds.
 21201 | Spider:2 | HP: 4/84 [wolf spider simulacrum (11)]
 21202 | Spider:2 | 21202 ||| DRINKING 4 potions of heal wounds.
 21203 | Spider:2 | 21203 ||| FLEEEEING.
 21204 | Spider:2 | 21204 ||| FLEEEEING.
 21205 | Spider:2 | 21205 ||| FLEEEEING.
 21212 | Spider:2 | 21212 ||| RETREEEEATING.
 21213 | Spider:2 | 21213 ||| RETREEEEATING.
 21214 | Spider:2 | 21214 ||| RETREEEEATING.
 21230 | Spider:2 | HP: 17/84 [tarantella (9)]
 21231 | Spider:2 | 21231 ||| READING scroll of teleportation.
 21232 | Spider:2 | 21232 ||| DRINKING 3 potions of heal wounds.
 21247 | Spider:2 | Received a gift from Okawaru
 21441 | Spider:2 | Reached skill level 24 in Dodging
 21525 | Spider:2 | Found a hide-covered altar of Uskayaw.
 21531 | Spider:2 | 21531 ||| RETREEEEATING.
 21534 | Spider:2 | 21534 ||| DRINKING 17 potions of curing.
 21534 | Spider:2 | 21534 ||| (to cure confusion)
 21536 | Spider:2 | 21536 ||| DRINKING 16 potions of curing.
 21536 | Spider:2 | 21536 ||| (to cure confusion)
 21681 | Spider:2 | 21681 ||| READING 10 scrolls of identify.
 21681 | Spider:2 | 21681 ||| IDENTIFYING metallic cyan potion
 21682 | Spider:2 | 21682 ||| DROPPING potion of invisibility.
 21785 | Spider:3 | Reached XP level 17. HP: 87/87 MP: 25/25
 21868 | Spider:3 | 21868 ||| RETREEEEATING.
 21869 | Spider:3 | 21869 ||| RETREEEEATING.
 21870 | Spider:3 | 21870 ||| RETREEEEATING.
 21871 | Spider:3 | 21871 ||| RETREEEEATING.
 21872 | Spider:3 | 21872 ||| RETREEEEATING.
 21873 | Spider:3 | 21873 ||| RETREEEEATING.
 22028 | Spider:3 | 22028 ||| DRINKING 2 potions of resistance.
 22031 | Spider:3 | 22031 ||| RETREEEEATING.
 22032 | Spider:3 | 22032 ||| RETREEEEATING.
 22033 | Spider:3 | 22033 ||| RETREEEEATING.
 22034 | Spider:3 | 22034 ||| RETREEEEATING.
 22248 | Spider:3 | Received a gift from Okawaru
 22385 | Spider:3 | 22385 ||| RETREEEEATING.
 22386 | Spider:3 | 22386 ||| RETREEEEATING.
 22387 | Spider:3 | 22387 ||| RETREEEEATING.
 22466 | Spider:3 | Found a runed translucent door.
 22468 | Spider:3 | Noticed Taocaav's ghost (adept CeHu)
 22934 | Spider:3 | 22934 ||| PLANNING SHOALS:4
 23125 | Shoals:4 | 23125 ||| RETREEEEATING.
 23130 | Shoals:4 | 23130 ||| RETREEEEATING.
 23131 | Shoals:4 | 23131 ||| RETREEEEATING.
 23132 | Shoals:4 | 23132 ||| RETREEEEATING.
 23133 | Shoals:4 | 23133 ||| RETREEEEATING.
 23134 | Shoals:4 | 23134 ||| RETREEEEATING.
 23135 | Shoals:4 | 23135 ||| RETREEEEATING.
 23144 | Shoals:4 | 23144 ||| RETREEEEATING.
 23145 | Shoals:4 | 23145 ||| RETREEEEATING.
 23146 | Shoals:4 | 23146 ||| RETREEEEATING.
 23147 | Shoals:4 | 23147 ||| RETREEEEATING.
 23148 | Shoals:4 | 23148 ||| RETREEEEATING.
 23149 | Shoals:4 | 23149 ||| RETREEEEATING.
 23150 | Shoals:4 | 23150 ||| RETREEEEATING.
 23151 | Shoals:4 | 23151 ||| RETREEEEATING.
 23152 | Shoals:4 | 23152 ||| RETREEEEATING.
 23153 | Shoals:4 | 23153 ||| RETREEEEATING.
 23154 | Shoals:4 | 23154 ||| RETREEEEATING.
 23155 | Shoals:4 | 23155 ||| RETREEEEATING.
 23156 | Shoals:4 | 23156 ||| RETREEEEATING.
 23157 | Shoals:4 | 23157 ||| RETREEEEATING.
 23158 | Shoals:4 | 23158 ||| RETREEEEATING.
 23159 | Shoals:4 | 23159 ||| RETREEEEATING.
 23161 | Shoals:4 | 23161 ||| RETREEEEATING.
 23171 | Shoals:4 | Reached skill level 21 in Ranged Weapons
 23211 | Shoals:4 | Got a barnacled rune of Zot
 23351 | Shoals:4 | Noticed a kraken
 23354 | Shoals:4 | 23354 ||| RETREEEEATING.
 23355 | Shoals:4 | 23355 ||| RETREEEEATING.
 23356 | Shoals:4 | 23356 ||| RETREEEEATING.
 23357 | Shoals:4 | 23357 ||| RETREEEEATING.
 23358 | Shoals:4 | 23358 ||| RETREEEEATING.
 23359 | Shoals:4 | 23359 ||| RETREEEEATING.
 23360 | Shoals:4 | 23360 ||| RETREEEEATING.
 23370 | Shoals:4 | 23370 ||| FLEEEEING.
 23371 | Shoals:4 | 23371 ||| FLEEEEING.
 23372 | Shoals:4 | 23372 ||| FLEEEEING.
 23373 | Shoals:4 | 23373 ||| RETREEEEATING.
 23373 | Shoals:4 | HP: 21/88 [merfolk/boomerang[a merfolk javelineer] (12)]
 23374 | Shoals:4 | 23374 ||| READING scroll of teleportation.
 23374 | Shoals:4 | HP: 3/88 [tentacle[a kraken] (19)]
 23375 | Shoals:4 | 23375 ||| DRINKING 2 potions of heal wounds.
 23376 | Shoals:4 | 23376 ||| RETREEEEATING.
 23377 | Shoals:4 | 23377 ||| RETREEEEATING.
 23378 | Shoals:4 | 23378 ||| RETREEEEATING.
 23585 | Shoals:4 | Received a gift from Okawaru
 23636 | Shoals:4 | 23636 ||| PLANNING VAULTS:1-4
 23882 | Vaults:1 | Entered Level 1 of the Vaults
 23895 | Vaults:1 | 23895 ||| INVOKING Finesse.
 24040 | Vaults:1 | Noticed Zenata
 24041 | Vaults:1 | 24041 ||| INVOKING Finesse.
 24057 | Vaults:1 | Killed Zenata
 24254 | Vaults:1 | 24254 ||| INVOKING Finesse.
 24286 | Vaults:1 | 24286 ||| INVOKING Finesse.
 24386 | Vaults:1 | 24386 ||| INVOKING Finesse.
 24486 | Vaults:1 | 24486 ||| INVOKING Finesse.
 24529 | Vaults:1 | Reached skill level 25 in Dodging
 24668 | Vaults:1 | 24668 ||| DRINKING potion of resistance.
 24669 | Vaults:1 | 24669 ||| INVOKING Finesse.
 24756 | Vaults:1 | Noticed a titan
 24757 | Vaults:1 | 24757 ||| RETREEEEATING.
 24758 | Vaults:1 | 24758 ||| INVOKING Finesse.
 24759 | Vaults:1 | 24759 ||| ZAPPING wand of quicksilver (5) at 1,7 (titan;
                  | floor).
 24760 | Vaults:1 | 24760 ||| ZAPPING wand of quicksilver (4) at 1,6 (titan;
                  | floor).
 24761 | Vaults:1 | 24761 ||| ZAPPING wand of quicksilver (3) at 1,5 (titan;
                  | floor).
 24762 | Vaults:1 | 24762 ||| ZAPPING wand of quicksilver (2) at 1,4 (titan;
                  | floor).
 24765 | Vaults:1 | 24765 ||| RETREEEEATING.
 24766 | Vaults:1 | 24766 ||| INVOKING Heroism.
 24767 | Vaults:1 | 24767 ||| RETREEEEATING.
 24768 | Vaults:1 | 24768 ||| RETREEEEATING.
 24769 | Vaults:1 | 24769 ||| RETREEEEATING.
 24770 | Vaults:1 | 24770 ||| ZAPPING wand of quicksilver (1) at -1,4 (titan;
                  | floor).
 24771 | Vaults:1 | 24771 ||| RETREEEEATING.
 24774 | Vaults:1 | 24774 ||| RETREEEEATING.
 24779 | Vaults:1 | Killed a titan
 24817 | Vaults:1 | 24817 ||| RETREEEEATING.
 24818 | Vaults:1 | 24818 ||| RETREEEEATING.
 24822 | Vaults:1 | 24822 ||| RETREEEEATING.
 24829 | Vaults:1 | 24829 ||| RETREEEEATING.
 24830 | Vaults:1 | 24830 ||| RETREEEEATING.
 24831 | Vaults:1 | 24831 ||| RETREEEEATING.
 24832 | Vaults:1 | 24832 ||| RETREEEEATING.
 24833 | Vaults:1 | 24833 ||| RETREEEEATING.
 24834 | Vaults:1 | 24834 ||| RETREEEEATING.
 24835 | Vaults:1 | 24835 ||| RETREEEEATING.
 24836 | Vaults:1 | 24836 ||| RETREEEEATING.
 24837 | Vaults:1 | 24837 ||| RETREEEEATING.
 24866 | Vaults:1 | Received a gift from Okawaru
 24891 | Vaults:1 | Reached XP level 18. HP: 55/93 MP: 26/26
 25257 | Vaults:1 | Identified the +8 short sword "Reihelib" {freeze, rN+}
 25378 | Vaults:1 | 25378 ||| DROPPING wand of mindburst (4).
 25570 | Vaults:2 | 25570 ||| INVOKING Finesse.
 25886 | Vaults:2 | 25886 ||| INVOKING Finesse.
 25912 | Vaults:2 | Found a staircase to the Crypt.
 25976 | Vaults:2 | 25976 ||| INVOKING Finesse.
 26146 | Vaults:2 | Reached skill level 26 in Dodging
 26417 | Vaults:2 | 26417 ||| RETREEEEATING.
 26418 | Vaults:2 | 26418 ||| RETREEEEATING.
 26419 | Vaults:2 | 26419 ||| RETREEEEATING.
 26420 | Vaults:2 | 26420 ||| RETREEEEATING.
 26425 | Vaults:2 | 26425 ||| INVOKING Finesse.
 26430 | Vaults:2 | Received a gift from Okawaru
 26788 | Vaults:2 | 26788 ||| READING 15 scrolls of identify.
 26788 | Vaults:2 | 26788 ||| IDENTIFYING brown potion
 26789 | Vaults:2 | 26789 ||| DROPPING potion of berserk rage.
 27051 | Vaults:3 | 27051 ||| RETREEEEATING.
 27054 | Vaults:3 | 27054 ||| INVOKING Finesse.
 27268 | Vaults:3 | 27268 ||| INVOKING Finesse.
 27327 | Vaults:3 | Noticed Donald
 27328 | Vaults:3 | 27328 ||| RETREEEEATING.
 27329 | Vaults:3 | 27329 ||| RETREEEEATING.
 27330 | Vaults:3 | 27330 ||| RETREEEEATING.
 27331 | Vaults:3 | 27331 ||| RETREEEEATING.
 27332 | Vaults:3 | 27332 ||| INVOKING Finesse.
 27333 | Vaults:3 | 27333 ||| INVOKING Heroism.
 27342 | Vaults:3 | 27342 ||| RETREEEEATING.
 27343 | Vaults:3 | 27343 ||| RETREEEEATING.
 27344 | Vaults:3 | 27344 ||| RETREEEEATING.
 27345 | Vaults:3 | 27345 ||| RETREEEEATING.
 27346 | Vaults:3 | 27346 ||| RETREEEEATING.
 27347 | Vaults:3 | 27347 ||| RETREEEEATING.
 27348 | Vaults:3 | 27348 ||| RETREEEEATING.
 27356 | Vaults:3 | 27356 ||| RETREEEEATING.
 27357 | Vaults:3 | Killed Donald
 27362 | Vaults:3 | 27362 ||| RETREEEEATING.
 27363 | Vaults:3 | 27363 ||| RETREEEEATING.
 27365 | Vaults:3 | 27365 ||| RETREEEEATING.
 27367 | Vaults:3 | 27367 ||| RETREEEEATING.
 27374 | Vaults:3 | 27374 ||| FLEEEEING.
 27375 | Vaults:3 | 27375 ||| FLEEEEING.
 27375 | Vaults:3 | Shot with a bolt by a yaktaur captain

Levels and vault maps discovered:
D:1:      eino_arrival_water_cross, layout_basic,
          hellmonk_ecumenical_altar_watching_god, grunt_decor_clamped,
          minmay_misc_feat_tower
D:2:      layout_basic, uniq_terence
D:3:      layout_basic, mainiacjoe_overflow_brackets, lightli_sewer_entry_pipes,
          chequers_serial_rivers_micro_d, serial_bayou_crossing
D:4:      layout_loops_ring, uniq_grinder
D:5:      layout_layer_cave, minmay_temple_entry_glassed_door, serial_shops,
          nicolae_shop_getting_attention, nicolae_shop_bloodbath_and_beyond,
          nicolae_shop_waterfront, shop, sigmund_edmund_badplayer, uniq_duvessa
D:6:      layout_basic, hellmonk_ghost_happy_afterlife
D:7:      layout_cave_pools, serial_shops, shop, shop, shop, uniq_maggie
D:8:      layout_rooms, kennysheep_mini, gammafunk_temple_overflow_pools,
          mainiacjoe_overflow_small_starburst, nicolae_tso_swordbearing_angel,
          special_room [special_room_orc], minivault_5, uniq_erica
D:9:      layout_cave_pods, grunt_gozag_breadcrumbs, nicolae_lava_and_water,
          lemuel_flame_loot_1
D:10:     layout_loops_ring, nicolae_kikubaaqudgha_miasma_corner,
          fedhas_ov_isle_minmay, elyvilon_altar_1, serial_bayou,
          serial_bayou_pond_d, serial_bayou_pond_d, serial_bayou_pond_b,
          serial_bayou_pond_b, minivault_19
D:11:     layout_roguey, lair_entry_dummy, david_orc_2, serial_shops,
          nicolae_shop_advertising_works [nicolae_subvault_shop_adworks],
          nicolae_shop_behind_doors, nicolae_shop_back_alley_shop,
          nicolae_square_shop
D:12:     layout_grid_maze, gauntlet_entry_generic, david_defended_altar_orc,
          uniq_lodul
D:13:     layout_rooms
D:14:     layout_basic, erik_vaults_1, corexii_leaking_fountain
D:15:     grunt_enter_depths_hoard, layout_cave_pools,
          trog_three_pillars_becter, kennysheep_flooded_box
Temple:   chequers_temple_sunken
Lair:1:   layout_roguey, mumra_transporter_accident, kennysheep_snail_temple
Lair:2:   layout_roguey, minmay_shoals_entry_beasts,
          portal_ice_cave_entry_pillars_1
Lair:3:   layout_cave_pods, hellmonk_spider_entry_not_the_bees,
          serial_bayou_shore_a
Lair:4:   beast_lair_carwin_large_4, layout_cave_pods,
          nicolae_quartered_pool_super, grunt_forest_small_clearing_treed
Lair:5:   evilmike_catoblepas_cave, layout_misc_corridors, slime_entry_1,
          nicolae_lair_grove_arrangements, lemuel_fruit_tree
Shoals:1: layout_shoals
Shoals:2: layout_shoals, nicolae_shoals_arrival_archipelago, uniq_aizul,
          uniq_polyphemus
Shoals:3: layout_shoals, serial_shops, shop, shop
Shoals:4: shoals_end_grunt_ice, layout_shoals, nicolae_shoals_dead_sea_scrolls
Spider:1: layout_chambers
Spider:2: layout_spider_delve, nicolae_spider_altar_of_dancing
Spider:3: layout_chambers, ebering_ghost_inner_flame, hellmonk_spider_spawner
Orc:1:    layout_diamond_mine, serial_shops, nicolae_shop_crystal,
          nicolae_orc_crystal_geode
Orc:2:    st_orc_elflike, layout_diamond_mine, uniq_jorgrun
Vaults:1: nicolae_vaults_closet_pinwheel_1, nicolae_vaults_big_ls,
          nicolae_vaults_closet_pinwheel_3, nicolae_vaults_more_shelving_1,
          nicolae_vaults_six-pack, nicolae_vaults_back_hallway,
          nicolae_vaults_turnstiles, nicolae_vaults_mush_room,
          nicolae_vaults_diamond_2, nicolae_vaults_diamond_2,
          layout_vaults_ring, uniq_zenata
Vaults:2: nicolae_vaults_diagonal_hallway_9, vaults_room_large_hall,
          v_alt_pattern_5, nicolae_vaults_shrinking_rooms_1,
          nicolae_vaults_storage_closets_2, minmay_crypt_entry_simple_statues,
          nicolae_vaults_stepped_doors, nicolae_vaults_bisected_slash,
          vaults_room_grid, nicolae_vaults_tetromino_L_2, layout_vaults_omnigrid
Vaults:3: nicolae_vaults_network_s, kb_rosetta, vaults_room_door_hall,
          nicolae_vaults_sesquioval_fish, nicolae_vaults_stairing_the_circle,
          v_misc_5, dpeg_vaults_monster_box, nicolae_vaults_trapezoid_1,
          vaults_dpeg_diagonal, vaults_room_hallway, layout_vaults_omnibox,
          uniq_donald

Skill      XL: |  1  2  3  4  5  6  7  8  9 10 11 12 13 14 15 16 17 18 |
---------------+-------------------------------------------------------+-----
Dodging        | 3 4 5 6 7 10 11 12 13 16 18 19 22 24 25 26 | 26.1
Ranged Weapons | 5 6 7 8 9 10 12 14 16 18 19 20 21 23 | 23.0
Fighting       | 2 3 4 5 6 8 9 10 | 10.0
Invocations    | 1 4 8 10 | 10.0
Armour         | 3 |  3.0
Stealth        | |  1.5

Action                     |  1- 3 |  4- 6 |  7- 9 | 10-12 | 13-15 | 16-18 || total
---------------------------+-------+-------+-------+-------+-------+-------++-------
   Fire: Shortbow          |    68 |       |       |       |       |       ||    68
         Hand cannon       |     7 |    61 |   129 |   475 |   930 |  1233 ||  2835
 Invoke: Heroism           |       |       |     3 |     3 |     1 |     4 ||    11
         Finesse           |       |       |       |     5 |    13 |    19 ||    37
         Receive Weapon    |       |       |       |       |     1 |       ||     1
         Receive Armour    |       |       |       |       |     1 |       ||     1
  Evoke: Wand              |       |       |       |       |     6 |     5 ||    11
    Use: Scroll            |     6 |     3 |     8 |    11 |     5 |     6 ||    39
         Potion            |       |     4 |     2 |     2 |     5 |    11 ||    24
 Armour: Robe              |     3 |     4 |    17 |       |       |       ||    24
         Swamp dragon scal |       |       |       |    14 |       |       ||    14
         Troll leather arm |       |       |       |    44 |    77 |   145 ||   266
  Dodge: Dodged            |    20 |    23 |    58 |   358 |   431 |  1318 ||  2208
  Block: Other             |       |       |       |       |       |   163 ||   163
         Reflection        |       |       |       |       |       |    14 ||    14

Table legend:
 A = Non-vault XP
 B = Vault XP
 C = Vault XP percentage of total XP
 D = Non-vault monster count
 E = Vault monster count
 F = Vault count percentage of total count
                 A         B        C        D         E       F
            +---------+---------+-------+---------+---------+-------
      Total |  226795 |  126216 |  35.8 |     734 |     266 |  26.6
            +---------+---------+-------+---------+---------+-------
        D:1 |      13 |       0 |   0.0 |       8 |       0 |   0.0
        D:2 |      42 |      36 |  46.2 |      17 |       1 |   5.6
        D:3 |     124 |      72 |  36.7 |      21 |      10 |  32.3
        D:4 |      57 |     277 |  82.9 |      10 |       1 |   9.1
        D:5 |     795 |     604 |  43.2 |      11 |       4 |  26.7
        D:6 |     931 |       0 |   0.0 |      17 |       0 |   0.0
        D:7 |    1443 |     385 |  21.1 |      24 |       1 |   4.0
        D:8 |    1567 |    1217 |  43.7 |      12 |      27 |  69.2
        D:9 |    3330 |       0 |   0.0 |      22 |       0 |   0.0
       D:10 |    3829 |    1106 |  22.4 |      27 |      13 |  32.5
       D:11 |    2559 |     871 |  25.4 |      27 |       2 |   6.9
       D:12 |    1001 |     720 |  41.8 |       3 |       8 |  72.7
       D:13 |    3423 |       0 |   0.0 |      16 |       0 |   0.0
       D:14 |   10064 |    1654 |  14.1 |      26 |       2 |   7.1
       D:15 |   12396 |    1733 |  12.3 |      26 |       2 |   7.1
     Lair:1 |    1648 |    1276 |  43.6 |       7 |       3 |  30.0
     Lair:2 |    6989 |     807 |  10.4 |      27 |       2 |   6.9
     Lair:3 |    5188 |     817 |  13.6 |      23 |       6 |  20.7
     Lair:4 |   10732 |    3973 |  27.0 |      35 |      15 |  30.0
     Lair:5 |    8672 |   11391 |  56.8 |      25 |      23 |  47.9
   Shoals:1 |    7398 |    1532 |  17.2 |      17 |       1 |   5.6
   Shoals:2 |    9994 |    3779 |  27.4 |      21 |       4 |  16.0
   Shoals:3 |   13877 |       0 |   0.0 |      30 |       0 |   0.0
   Shoals:4 |   19331 |   16328 |  45.8 |      42 |      30 |  41.7
   Spider:1 |    4992 |       0 |   0.0 |      13 |       0 |   0.0
   Spider:2 |   27652 |    2217 |   7.4 |      77 |       8 |   9.4
   Spider:3 |   14124 |    3063 |  17.8 |      37 |       4 |   9.8
      Orc:1 |    3098 |       0 |   0.0 |      17 |       0 |   0.0
      Orc:2 |    1831 |    9944 |  84.5 |      21 |      24 |  53.3
   Vaults:1 |   13119 |   37097 |  73.9 |      25 |      46 |  64.8
   Vaults:2 |   21233 |   18230 |  46.2 |      29 |      20 |  40.8
   Vaults:3 |   15343 |    5728 |  27.2 |      21 |       6 |  22.2
   Gauntlet |       0 |    1359 | 100.0 |       0 |       3 | 100.0
            +---------+---------+-------+---------+---------+-------
